 Dungeon Crawl Stone Soup version 0.25.1-1-g288607f5aa (webtiles) character file.

Game seed: 18104100615118386765

3575 Thallia the Basher (level 10, -7/59 HPs)
             Began as a Kobold Hunter on July 25, 2020.
             Was a Priest of Wu Jian.
             Mangled by a cyan ugly thing (12 damage)
             ... on level 8 of the Dungeon.
             The game lasted 01:15:50 (6120 turns).

Thallia the Basher (Kobold Hunter)                  Turns: 6120, Time: 01:15:51

Health: -7/59      AC:  7    Str: 16    XL:     10   Next: 31%
Magic:  10/10      EV: 18    Int: 13    God:    Wu Jian [***...]
Gold:   369        SH:  5    Dex: 18    Spells: 9/9 levels left

rFire    x . .     SeeInvis .   k - +5 whip (elec)
rCold    + . .     Gourm    .   (shield restricted)
rNeg     . . .     Faith    .   c - +0 leather armour
rPois    .         Spirit   .   t - +0 helmet
rElec    .         Reflect  +   A - scarf {+Inv}
rCorr    .         Harm     .   (no gloves)
MR       .....                  v - +2 pair of boots {Fly}
Stlth    +++.......             x - amulet of reflection
HPRegen  0.19/turn              o - +6 ring of strength
MPRegen  0.12/turn              E - ring of ice

@: flying
A: small, carnivore
a: Wall Jump, Serpent's Lash, Renounce Religion, Evoke Invisibility, Stop Flying


You were on level 8 of the Dungeon.
You worshipped Wu Jian.
Wu Jian was most pleased with you.
You were very full.

You visited 2 branches of the dungeon, and saw 9 of its levels.
You also visited: Ossuary.

You collected 489 gold pieces.
You spent 120 gold pieces at shops.

Inventory:

Hand Weapons
 a - a +1 hand crossbow
 k - a +5 whip of electrocution (weapon)
 l - a +0 whip of freezing
Missiles
 b - 16 poisoned darts (quivered)
 d - 45 bolts
Armour
 c - a +0 leather armour (worn)
 t - a +0 helmet (worn)
 v - a +2 pair of boots of flying (worn)
 A - a scarf of invisibility (worn)
Jewellery
 o - a +6 ring of strength (left hand)
 x - an amulet of reflection (around neck)
 y - an uncursed amulet of magic regeneration
 E - a ring of ice (right hand)
 G - an uncursed ring of fire
Wands
 I - a wand of random effects (13)
Scrolls
 g - 8 scrolls of remove curse
 i - a scroll of summoning {unknown}
 j - 2 scrolls of enchant weapon
 q - 2 scrolls of teleportation
 B - a scroll of holy word {unknown}
 H - 3 scrolls of identify
Potions
 e - a potion of curing
 h - 2 potions of lignification
 m - 2 potions of flight
 n - a potion of brilliance
 p - a potion of heal wounds {unknown}
 r - 2 potions of might
 s - 3 potions of invisibility
 u - a potion of berserk rage {unknown}
 w - 3 potions of magic
 z - a potion of mutation {unknown}
 C - a potion of stabbing {unknown}
 D - a potion of resistance
 F - a potion of cancellation
Comestibles
 f - 15 rations


   Skills:
 + Level 5.4 Fighting
 * Level 9.3 Maces & Flails
 + Level 8.1 Crossbows
 + Level 3.0 Armour
 + Level 5.6 Dodging
 + Level 4.8 Stealth


You had 9 spell levels left.
You didn't know any spells.
Your spell library was empty.

Dungeon Overview and Level Annotations

Branches:
Dungeon (8/15)             Temple (1/1) D:5         Ossuary (visited)
   Lair: D:8-11

Altars:
Ashenzari
Cheibriados
Dithmenos
Elyvilon
Fedhas
Gozag
Hepliaklqana
Kikubaaqudgha
Makhleb
Nemelex Xobeh
Okawaru
Qazlal
Ru
Sif Muna
Trog
Uskayaw
Vehumet
Wu Jian
Xom
Yredelemnul
Zin
The Shining One

Shops:
D:4 [   D:7 *


Innate Abilities, Weirdness & Mutations

You are small and have problems with some larger weapons.
You are carnivorous and can eat meat at any time.


Message History

Your muscles tense, ready for explosive movement...
Your supernatural speed expires.
Okay, then.
You lunge at the cyan ugly thing.
You whack the cyan ugly thing!
The cyan ugly thing is severely wounded.
You feel less exhausted. The cyan ugly thing misses you.
Aiming: Wall Jump
Press: ? - help, Dir - move target cursor You repeatedly attack the cyan ugly thing from above.
You hit the cyan ugly thing.
The cyan ugly thing is severely wounded.
You barely miss the cyan ugly thing.
The cyan ugly thing is severely wounded.
You hit the cyan ugly thing.
The cyan ugly thing is almost dead.
The cyan ugly thing engulfs you. The cyan ugly thing shocks you!
* * * LOW HITPOINT WARNING * * *
The cyan ugly thing engulfs you!
You die...

#.# ##### #.# ######.####...#
#.# #........†....### #.#
#.####.##.......# ##.########
# #............###...#......
#.#.##...........#)....#
#............###...#.#
#.#.##..○○PP..###....#
#.#.##..○@°≈..# ####.# #
#.##.#.#..#°uPP..## ##.#.###
#........##'......####.......
###>#..##_##..⌠.............
##..#...###.......###...####
...#.#..#....##### ##.## ##
#.#........... ..#
#.###.############ #.#
#.#.####### #.#


You could see a cyan ugly thing.

Vanquished Creatures
  Pikel (D:6)
  Grinder (D:4)
  Sigmund (D:2)
  Eustachio (D:4)
  Edmund (D:3)
  Duvessa (D:4)
  An orc warrior (D:6)
  A phantom (D:4)
  A sky beast (D:5)
  An ice beast (D:7)
  2 slaves (D:6)
  2 ogres
  A centaur (D:6)
  An elf zombie (Ossuary)
  A big kobold (D:7)
  2 bullfrogs
  2 scorpions
  Dowan (D:4)
  9 wights (D:7)
  A howler monkey (D:6)
  2 crimson imps
  3 human zombies (Ossuary)
  4 orc priests
  A hound (D:8)
  A jelly (D:6)
  A bullfrog skeleton (D:5)
  5 orc wizards
  Natasha (D:2)
  3 iguanas
  2 worker ants
  2 mummies (Ossuary)
  A worker ant zombie (D:8)
  A gnoll (D:1)
  A howler monkey skeleton (D:6)
  12 adders
  A shadow imp (D:5)
  2 oozes
  An adder zombie (D:8)
  6 worms
  2 dart slugs
  2 leopard geckos
  14 orcs
  10 giant cockroaches
  7 hobgoblins
  16 jackals
  9 kobolds
  2 quokkas
  A ball python (D:2)
  A ball python skeleton (D:4)
  6 bats
  6 frilled lizards
  8 goblins
  A goblin zombie (Ossuary)
  7 hobgoblin zombies (Ossuary)
  A jackal skeleton (D:4)
  4 jackal zombies (Ossuary)
  14 kobold zombies (Ossuary)
  A leopard gecko skeleton (D:7)
  6 orc zombies (Ossuary)
  6 rats
  A rat zombie (Ossuary)
207 creatures vanquished.

Notes
Turn   | Place    | Note
-------+----------+-------------------------------------------
     0 | D:1      | Thallia the Kobold Hunter began the quest for the Orb.
     0 | D:1      | Reached XP level 1. HP: 12/12 MP: 1/1
    98 | D:1      | Reached skill level 5 in Crossbows
   303 | D:1      | Reached XP level 2. HP: 17/17 MP: 2/2
   381 | D:1      | Reached XP level 3. HP: 20/22 MP: 3/3
   833 | D:2      | Reached skill level 1 in Maces & Flails
   833 | D:2      | Reached XP level 4. HP: 20/27 MP: 4/4
  1064 | D:2      | Noticed Sigmund
  1069 | D:2      | Killed Sigmund
  1069 | D:2      | Reached skill level 2 in Maces & Flails
  1069 | D:2      | Reached XP level 5. HP: 32/32 MP: 5/5
  1069 | D:2      | Reached XP level 6. HP: 37/37 MP: 6/6
  1216 | D:2      | Noticed Natasha
  1223 | D:2      | Killed Natasha
  1266 | D:2      | Reached skill level 1 in Armour
  2298 | D:4      | Noticed Eustachio
  2306 | D:4      | Reached skill level 3 in Maces & Flails
  2306 | D:4      | Reached XP level 7. HP: 26/41 MP: 7/7
  2420 | D:4      | Noticed Edmund
  2434 | D:3      | Killed Edmund
  2586 | D:4      | Killed Eustachio
  2586 | D:4      | Reached skill level 4 in Maces & Flails
  2586 | D:4      | Reached XP level 8. HP: 31/46 MP: 8/8
  2792 | D:4      | Found an ornate altar of the Wu Jian Council.
  2813 | D:4      | Became a worshipper of the Wu Jian Council
  2862 | D:4      | Found Odwufois's Armour Boutique.
  2905 | D:4      | Bought a scarf of invisibility for 120 gold pieces
  3018 | D:4      | Noticed Grinder
  3022 | D:4      | Paralysed by Grinder for 3 turns
  3025 | D:4      | Noticed Dowan
  3029 | D:4      | Killed Dowan
  3030 | D:4      | Noticed Duvessa
  3036 | D:4      | Killed Grinder
  3036 | D:4      | Reached skill level 5 in Maces & Flails
  3045 | D:4      | Killed Duvessa
  3354 | D:5      | Entered Level 5 of the Dungeon
  3359 | D:5      | Found a stormy altar of Qazlal.
  3396 | D:5      | Reached skill level 6 in Maces & Flails
  3422 | D:5      | Reached XP level 9. HP: 45/52 MP: 9/9
  3524 | D:5      | Found a sand-covered staircase.
  3529 | Ossuary  | Entered an ossuary
  3557 | Ossuary  | Reached * piety under Wu Jian
  3729 | Ossuary  | Reached ** piety under Wu Jian
  3925 | D:5      | Found a staircase to the Ecumenical Temple.
  4295 | Temple   | Entered the Ecumenical Temple
  4576 | D:6      | Reached skill level 7 in Maces & Flails
  4844 | D:6      | Reached skill level 5 in Dodging
  4869 | D:6      | Found a shadowy altar of Dithmenos.
  5041 | D:6      | Noticed Pikel
  5060 | D:6      | Killed Pikel
  5060 | D:6      | Reached skill level 5 in Fighting
  5060 | D:6      | Reached skill level 8 in Maces & Flails
  5060 | D:6      | Reached XP level 10. HP: 42/59 MP: 10/10
  5406 | D:7      | Reached skill level 9 in Maces & Flails
  5425 | D:7      | Reached *** piety under Wu Jian
  5671 | D:7      | Found Plineos's Practical Paraphernalia.
  6036 | D:8      | Found a glowing golden altar of the Shining One.
  6087 | D:8      | Noticed a cyan ugly thing
  6120 | D:8      | Mangled by a cyan ugly thing

Illustrated notes

Levels and vault maps discovered:
D:1:      scummos_arrival_simple_fountains, layout_loops_ring, minmay_domino_2
D:2:      layout_rooms, uniq_sigmund, uniq_natasha
D:3:      layout_loops_ring, first_ration, minmay_vboxes
D:4:      layout_gridville, serial_shops, nicolae_shop_statue_plus,
          kennysheep_small_circle, uniq_grinder, uniq_duvessa, uniq_edmund,
          uniq_eustachio
D:5:      layout_loops_ring, minmay_temple_entry_tees, enter_ossuary_2,
          nicolae_qazlal_general_emergency
D:6:      layout_cave_pools, basic_altar, uniq_pikel
D:7:      layout_basic, minmay_misc_feat_columns, minmay_crystal_room,
          nicolae_alphabet_shops
D:8:      layout_loops_ring, tso_oasis_becter, erik_lair_dragon,
          blue_anna_alchemist [blue_anna_fruit_fields, blue_anna_fruit_fields]
Temple:   nicolae_temple_the_god_donut

Skill      XL: |  1  2  3  4  5  6  7  8  9 10 |
---------------+-------------------------------+-----
Crossbows      | 5 6 7 8 |  8.1
Maces & Flails | 1 2 3 4 6 8 9 |  9.3
Fighting       | 3 4 5 |  5.4
Dodging        | 3 4 5 |  5.6
Stealth        | 2 3 4 |  4.8
Armour         | 1 2 3 |  3.0

Action                   |  1- 3 |  4- 6 |  7- 9 | 10-12 || total
-------------------------+-------+-------+-------+-------++-------
Melee: Short sword       |     8 |       |       |       ||     8
       Whip              |    35 |   100 |   297 |   101 ||   533
 Fire: Hand crossbow     |    18 |    23 |    41 |       ||    82
Invok: Lunge             |       |       |    13 |    12 ||    25
       Whirlwind         |       |       |    34 |    19 ||    53
       Serpent's Lash    |       |       |       |     1 ||     1
 Abil: Wall Jump         |       |       |       |     1 ||     1
  Use: Scroll            |       |     2 |     9 |     3 ||    14
       Potion            |       |       |     2 |     1 ||     3
 Stab: Sleeping          |     1 |     4 |     4 |     4 ||    13
  Eat: Chunk             |     8 |     5 |     9 |     2 ||    24
Armor: Leather armour    |    11 |    26 |    37 |     8 ||    82
Dodge: Dodged            |    26 |    58 |   111 |    30 ||   225
Block: Other             |       |     1 |    34 |    10 ||    45
